 Dungeon Crawl Stone Soup version 0.31.0-7-gf635a9b802 (webtiles) character file.

Game seed: 14781345577147842230

168 Arcadio the Sneak (level 5, -1/32 HPs)
             Began as a Kobold Brigand on Jan 23, 2024.
             Slain by Pikel
             ... wielding a +2 whip of freezing
              (5 damage)
             ... on level 4 of the Dungeon.
             The game lasted 00:04:58 (2390 turns).

Arcadio the Sneak (Kobold Brigand)                  Turns: 2390, Time: 00:04:59

Health: -1/32      AC:  5    Str:  9    XL:     5   Next: 78%
Magic:  5/5        EV: 16    Int: 12    God:
Gold:   130        SH:  5    Dex: 24    Spells: 4/4 levels left

rFire   . . .        a - +2 dagger
rCold   . . .        (no shield)
rNeg    . . .        b - +0 robe
rPois   .            B - +0 helmet
rElec   .            c - +0 cloak
rCorr   .            (no gloves)
SInv    +            F - +0 pair of boots
Will    .....        x - amulet of reflection
Stlth   +++++        f - ring of see invisible
HPRegen 0.25/turn    q - +6 ring of dexterity
MPRegen 0.09/turn

%: reflection
@: no status effects
A: small, no large weapons, nightstalker 3
a: no special abilities


You were on level 4 of the Dungeon.
You visited 1 branch of the dungeon, and saw 4 of its levels.

You collected 166 gold pieces.
You spent 36 gold pieces at shops.

Inventory:

Hand Weapons
 a - a +2 dagger (weapon)
Missiles
 d - 12 poisoned darts (quivered)
 e - 3 curare-tipped darts
Armour
 b - a +0 robe (worn)
 c - a +0 cloak (worn)
 B - a +0 helmet (worn)
 F - a +0 pair of boots (worn)
Jewellery
 f - a ring of see invisible (left hand)
 g - a ring of positive energy
 j - a +6 ring of intelligence
 q - a +6 ring of dexterity (right hand)
 w - a ring of willpower
 x - an amulet of reflection (around neck)
 A - a ring of resist corrosion
Scrolls
 h - a scroll of summoning {unknown}
 i - a scroll of fog {unknown}
 k - 2 scrolls of immolation {unknown}
 l - a scroll of revelation {unknown}
 n - 2 scrolls of enchant armour
 s - 2 scrolls of teleportation
 y - a scroll of blinking {unknown}
 D - a scroll of vulnerability {unknown}
 E - a scroll of poison {unknown}
Potions
 m - a potion of haste
 o - 2 potions of curing
 p - a potion of lignification
 t - a potion of mutation
 u - a potion of magic
 v - a potion of cancellation
 z - a potion of might {unknown}
 C - a potion of ambrosia {unknown}


   Skills:
 + Level 3.5 Fighting
 + Level 4.2 Short Blades
 - Level 2.1 Throwing
 + Level 3.2 Dodging
 + Level 6.5 Stealth


You had 4 spell levels left.
You didn't know any spells.
Your spell library contained the following spells:

 Spells                   Type           Power      Damage    Failure   Level
 Freeze                   Ice            0%         1d3       32%         1
 Slow                     Hex            0%         N/A       32%         1
 Lesser Beckoning         Tloc           0%         N/A       45%         2
 Confusing Touch          Hex            0%         N/A       69%         3
 Frozen Ramparts          Ice            0%         1d1       69%         3
 Gell's Gravitas          Tloc           0%         N/A       69%         3
 Hailstorm                Conj/Ice       0%         3d5       69%         3
 Sigil of Binding         Hex            0%         N/A       69%         3
 Teleport Other           Tloc           0%         N/A       69%         3
 Vampiric Draining        Necr           0%         2d6       69%         3


Dungeon Overview and Level Annotations

Branches:
Dungeon (4/15)
 Temple: D:4-7

Altars:
Ru

Shops:
D:1 *

Annotations:
D:4 exclusion: door, Pikel


Innate Abilities, Weirdness & Mutations

You are small and have problems with some larger weapons.
You are completely attuned to the shadows.


Message History

The orc closely misses you.
You hit the orc.
The orc is almost dead.
The orc hits you but does no damage.
You hit the orc.
You kill the orc!
Items here: )) [[ ††.
You now have 130 gold pieces (gained 9).
You open the door.
Pikel and 2 lemures come into view.
Pikel is wielding a +2 whip of freezing.
Pikel shouts!
The lemure shouts! x3
A lemure comes into view.
You barely miss Pikel.
Pikel hits you with a +2 whip of freezing.
Pikel freezes you.
You hit Pikel.
Pikel is lightly wounded.
You miss Pikel.
Pikel is lightly wounded.
Pikel hits you with a +2 whip of freezing.
Pikel freezes you.
You hit Pikel.
Pikel is lightly wounded.
Pikel barely misses you.
You miss Pikel.
Pikel is lightly wounded.
Pikel hits you with a +2 whip of freezing.
Pikel freezes you.
You hit Pikel.
Pikel is lightly wounded.
You hit Pikel.
Pikel is lightly wounded.
Pikel hits you with a +2 whip of freezing!
Pikel freezes you.
* * * LOW HITPOINT WARNING * * *
Pikel attacks as he pursues you!
Pikel hits you with a +2 whip of freezing.
You die...
Pikel says, "Another soul for the market."

.#...#.....####.#
###.####
...8...8........#
#.......
.#...#....#######
#.#.###.
###.###.#.# #.#.#
.#... ...+#
#.#.### ...8. 8.
####.#...# .#...
. #......#.#
##### ..
#.##.#.#.# .#
..5##@########
.... .55'K.# .###
........5##.# ##
#.......# #.# #
#.....# #.# #...#
### #+# #.# #.#


You could see Pikel and 3 lemures.

Vanquished Creatures
  A jelly (D:4)
  3 orc wizards (D:4)
  A dart slug (D:4)
  7 orcs
  4 ball pythons
  9 bats
  6 endoplasms
  3 giant cockroaches
  3 goblins
  2 hobgoblins
  4 quokkas
  6 frilled lizards
  4 kobolds
  3 rats
56 creatures vanquished.

Notes
Turn   | Place    | Note
-------+----------+-------------------------------------------
     0 | D:1      | Arcadio the Kobold Brigand began the quest for the Orb.
     0 | D:1      | Reached XP level 1. HP: 12/12 MP: 1/1
    99 | D:1      | Reached XP level 2. HP: 18/18 MP: 2/2
   302 | D:1      | Found Tioroel's General Store.
   312 | D:1      | Bought a potion of curing for 36 gold pieces
   532 | D:2      | Reached XP level 3. HP: 22/22 MP: 3/3
  1992 | D:4      | Found a sacrificial altar of Ru.
  1994 | D:4      | Reached skill level 6 in Stealth
  1994 | D:4      | Reached XP level 4. HP: 28/28 MP: 4/4
  2157 | D:4      | Reached XP level 5. HP: 29/32 MP: 5/5
  2253 | D:4      | Noticed a lemure
  2382 | D:4      | Noticed Pikel
  2382 | D:4      | Noticed a lemure
  2382 | D:4      | Noticed a lemure
  2382 | D:4      | Noticed a lemure
  2390 | D:4      | Slain by Pikel

Illustrated notes

Levels and vault maps discovered:
D:1:      lemuel_arrival_room, layout_rooms, serial_shops, shop, serial_glass,
          glass_columns_a, glass_columns_a, due_unseen_surprise,
          item_on_display_a, item_on_display_a
D:2:      layout_basic
D:3:      layout_rooms
D:4:      minmay_recursive_quarters, layout_loops_corners,
          nicolae_ru_awakened_eye, lightli_temple_of_fire,
          minmay_temple_entry_fiery, portal_sewer_entry_b,
          minmay_misc_feat_four_crosses, uniq_menkaure, uniq_pikel

Skill      XL: |  1  2  3  4  5 |
---------------+----------------+-----
Short Blades   | 3 4 |  4.2
Dodging        | 2 3 |  3.2
Fighting       | 3 |  3.5
Stealth        | 6 |  6.5
Throwing       | |  2.1

Action                     |  1- 3 |  4- 6 || total
---------------------------+-------+-------++-------
  Melee: Dagger            |    62 |    66 ||   128
    Use: Scroll            |     2 |     5 ||     7
   Stab: Sleeping          |    27 |     2 ||    29
 Armour: Robe              |    17 |    35 ||    52
  Dodge: Dodged            |    20 |    28 ||    48
  Block: Other             |       |     4 ||     4
         Reflection        |       |     1 ||     1
